%YAML 1.1
%TAG !u! tag:unity3d.com,2011:
--- !u!1 &9079440885627569529
GameObject:
  m_ObjectHideFlags: 0
  m_CorrespondingSourceObject: {fileID: 0}
  m_PrefabInstance: {fileID: 0}
  m_PrefabAsset: {fileID: 0}
  serializedVersion: 6
  m_Component:
  - component: {fileID: 5477941874955665864}
  m_Layer: 0
  m_Name: BarrelRow4
  m_TagString: Untagged
  m_Icon: {fileID: 0}
  m_NavMeshLayer: 0
  m_StaticEditorFlags: 0
  m_IsActive: 1
--- !u!4 &5477941874955665864
Transform:
  m_ObjectHideFlags: 0
  m_CorrespondingSourceObject: {fileID: 0}
  m_PrefabInstance: {fileID: 0}
  m_PrefabAsset: {fileID: 0}
  m_GameObject: {fileID: 9079440885627569529}
  serializedVersion: 2
  m_LocalRotation: {x: 0, y: 0, z: 0, w: 1}
  m_LocalPosition: {x: 0, y: 4.24, z: 0}
  m_LocalScale: {x: 1, y: 1, z: 1}
  m_ConstrainProportionsScale: 0
  m_Children:
  - {fileID: 5909460391112332655}
  - {fileID: 5313667201875721176}
  - {fileID: 2570969198968089031}
  - {fileID: 7890529458599935106}
  - {fileID: 8233041920306560946}
  - {fileID: 4654368869484352834}
  - {fileID: 8300837701654829758}
  - {fileID: 3446947584096113344}
  - {fileID: 7363814570773223209}
  - {fileID: 9135863604941118637}
  - {fileID: 3596850253136662617}
  - {fileID: 374826198814598371}
  - {fileID: 7356758927057839019}
  - {fileID: 757652803243656599}
  - {fileID: 6778422546456952219}
  - {fileID: 5125406654821041553}
  m_Father: {fileID: 0}
  m_LocalEulerAnglesHint: {x: 0, y: 0, z: 0}
--- !u!1001 &204178547425885904
PrefabInstance:
  m_ObjectHideFlags: 0
  serializedVersion: 2
  m_Modification:
    serializedVersion: 3
    m_TransformParent: {fileID: 5477941874955665864}
    m_Modifications:
    - target: {fileID: 5825403524320521151, guid: f1de6de9c6358254cbd94f657e6263f0, type: 3}
      propertyPath: m_LocalPosition.x
      value: -21.37
      objectReference: {fileID: 0}
    - target: {fileID: 5825403524320521151, guid: f1de6de9c6358254cbd94f657e6263f0, type: 3}
      propertyPath: m_LocalPosition.y
      value: 0.13000011
      objectReference: {fileID: 0}
    - target: {fileID: 5825403524320521151, guid: f1de6de9c6358254cbd94f657e6263f0, type: 3}
      propertyPath: m_LocalPosition.z
      value: 0
      objectReference: {fileID: 0}
    - target: {fileID: 5825403524320521151, guid: f1de6de9c6358254cbd94f657e6263f0, type: 3}
      propertyPath: m_LocalRotation.w
      value: 1
      objectReference: {fileID: 0}
    - target: {fileID: 5825403524320521151, guid: f1de6de9c6358254cbd94f657e6263f0, type: 3}
      propertyPath: m_LocalRotation.x
      value: -0
      objectReference: {fileID: 0}
    - target: {fileID: 5825403524320521151, guid: f1de6de9c6358254cbd94f657e6263f0, type: 3}
      propertyPath: m_LocalRotation.y
      value: -0
      objectReference: {fileID: 0}
    - target: {fileID: 5825403524320521151, guid: f1de6de9c6358254cbd94f657e6263f0, type: 3}
      propertyPath: m_LocalRotation.z
      value: -0
      objectReference: {fileID: 0}
    - target: {fileID: 5825403524320521151, guid: f1de6de9c6358254cbd94f657e6263f0, type: 3}
      propertyPath: m_LocalEulerAnglesHint.x
      value: 0
      objectReference: {fileID: 0}
    - target: {fileID: 5825403524320521151, guid: f1de6de9c6358254cbd94f657e6263f0, type: 3}
      propertyPath: m_LocalEulerAnglesHint.y
      value: 0
      objectReference: {fileID: 0}
    - target: {fileID: 5825403524320521151, guid: f1de6de9c6358254cbd94f657e6263f0, type: 3}
      propertyPath: m_LocalEulerAnglesHint.z
      value: 0
      objectReference: {fileID: 0}
    - target: {fileID: 6169847739980753537, guid: f1de6de9c6358254cbd94f657e6263f0, type: 3}
      propertyPath: m_Name
      value: Barrel (17)
      objectReference: {fileID: 0}
    m_RemovedComponents: []
    m_RemovedGameObjects: []
    m_AddedGameObjects: []
    m_AddedComponents: []
  m_SourcePrefab: {fileID: 100100000, guid: f1de6de9c6358254cbd94f657e6263f0, type: 3}
--- !u!4 &5909460391112332655 stripped
Transform:
  m_CorrespondingSourceObject: {fileID: 5825403524320521151, guid: f1de6de9c6358254cbd94f657e6263f0, type: 3}
  m_PrefabInstance: {fileID: 204178547425885904}
  m_PrefabAsset: {fileID: 0}
--- !u!1001 &1064598562051872292
PrefabInstance:
  m_ObjectHideFlags: 0
  serializedVersion: 2
  m_Modification:
    serializedVersion: 3
    m_TransformParent: {fileID: 5477941874955665864}
    m_Modifications:
    - target: {fileID: 5825403524320521151, guid: f1de6de9c6358254cbd94f657e6263f0, type: 3}
      propertyPath: m_LocalPosition.x
      value: -9.93
      objectReference: {fileID: 0}
    - target: {fileID: 5825403524320521151, guid: f1de6de9c6358254cbd94f657e6263f0, type: 3}
      propertyPath: m_LocalPosition.y
      value: 0.13000011
      objectReference: {fileID: 0}
    - target: {fileID: 5825403524320521151, guid: f1de6de9c6358254cbd94f657e6263f0, type: 3}
      propertyPath: m_LocalPosition.z
      value: 0
      objectReference: {fileID: 0}
    - target: {fileID: 5825403524320521151, guid: f1de6de9c6358254cbd94f657e6263f0, type: 3}
      propertyPath: m_LocalRotation.w
      value: 1
      objectReference: {fileID: 0}
    - target: {fileID: 5825403524320521151, guid: f1de6de9c6358254cbd94f657e6263f0, type: 3}
      propertyPath: m_LocalRotation.x
      value: -0
      objectReference: {fileID: 0}
    - target: {fileID: 5825403524320521151, guid: f1de6de9c6358254cbd94f657e6263f0, type: 3}
      propertyPath: m_LocalRotation.y
      value: -0
      objectReference: {fileID: 0}
    - target: {fileID: 5825403524320521151, guid: f1de6de9c6358254cbd94f657e6263f0, type: 3}
      propertyPath: m_LocalRotation.z
      value: -0
      objectReference: {fileID: 0}
    - target: {fileID: 5825403524320521151, guid: f1de6de9c6358254cbd94f657e6263f0, type: 3}
      propertyPath: m_LocalEulerAnglesHint.x
      value: 0
      objectReference: {fileID: 0}
    - target: {fileID: 5825403524320521151, guid: f1de6de9c6358254cbd94f657e6263f0, type: 3}
      propertyPath: m_LocalEulerAnglesHint.y
      value: 0
      objectReference: {fileID: 0}
    - target: {fileID: 5825403524320521151, guid: f1de6de9c6358254cbd94f657e6263f0, type: 3}
      propertyPath: m_LocalEulerAnglesHint.z
      value: 0
      objectReference: {fileID: 0}
    - target: {fileID: 6169847739980753537, guid: f1de6de9c6358254cbd94f657e6263f0, type: 3}
      propertyPath: m_Name
      value: Barrel (8)
      objectReference: {fileID: 0}
    m_RemovedComponents: []
    m_RemovedGameObjects: []
    m_AddedGameObjects: []
    m_AddedComponents: []
  m_SourcePrefab: {fileID: 100100000, guid: f1de6de9c6358254cbd94f657e6263f0, type: 3}
--- !u!4 &6778422546456952219 stripped
Transform:
  m_CorrespondingSourceObject: {fileID: 5825403524320521151, guid: f1de6de9c6358254cbd94f657e6263f0, type: 3}
  m_PrefabInstance: {fileID: 1064598562051872292}
  m_PrefabAsset: {fileID: 0}
--- !u!1001 &1171039771316633341
PrefabInstance:
  m_ObjectHideFlags: 0
  serializedVersion: 2
  m_Modification:
    serializedVersion: 3
    m_TransformParent: {fileID: 5477941874955665864}
    m_Modifications:
    - target: {fileID: 5825403524320521151, guid: f1de6de9c6358254cbd94f657e6263f0, type: 3}
      propertyPath: m_LocalPosition.x
      value: -15.41
      objectReference: {fileID: 0}
    - target: {fileID: 5825403524320521151, guid: f1de6de9c6358254cbd94f657e6263f0, type: 3}
      propertyPath: m_LocalPosition.y
      value: 0.13000011
      objectReference: {fileID: 0}
    - target: {fileID: 5825403524320521151, guid: f1de6de9c6358254cbd94f657e6263f0, type: 3}
      propertyPath: m_LocalPosition.z
      value: 0
      objectReference: {fileID: 0}
    - target: {fileID: 5825403524320521151, guid: f1de6de9c6358254cbd94f657e6263f0, type: 3}
      propertyPath: m_LocalRotation.w
      value: 1
      objectReference: {fileID: 0}
    - target: {fileID: 5825403524320521151, guid: f1de6de9c6358254cbd94f657e6263f0, type: 3}
      propertyPath: m_LocalRotation.x
      value: -0
      objectReference: {fileID: 0}
    - target: {fileID: 5825403524320521151, guid: f1de6de9c6358254cbd94f657e6263f0, type: 3}
      propertyPath: m_LocalRotation.y
      value: -0
      objectReference: {fileID: 0}
    - target: {fileID: 5825403524320521151, guid: f1de6de9c6358254cbd94f657e6263f0, type: 3}
      propertyPath: m_LocalRotation.z
      value: -0
      objectReference: {fileID: 0}
    - target: {fileID: 5825403524320521151, guid: f1de6de9c6358254cbd94f657e6263f0, type: 3}
      propertyPath: m_LocalEulerAnglesHint.x
      value: 0
      objectReference: {fileID: 0}
    - target: {fileID: 5825403524320521151, guid: f1de6de9c6358254cbd94f657e6263f0, type: 3}
      propertyPath: m_LocalEulerAnglesHint.y
      value: 0
      objectReference: {fileID: 0}
    - target: {fileID: 5825403524320521151, guid: f1de6de9c6358254cbd94f657e6263f0, type: 3}
      propertyPath: m_LocalEulerAnglesHint.z
      value: 0
      objectReference: {fileID: 0}
    - target: {fileID: 6169847739980753537, guid: f1de6de9c6358254cbd94f657e6263f0, type: 3}
      propertyPath: m_Name
      value: Barrel (12)
      objectReference: {fileID: 0}
    m_RemovedComponents: []
    m_RemovedGameObjects: []
    m_AddedGameObjects: []
    m_AddedComponents: []
  m_SourcePrefab: {fileID: 100100000, guid: f1de6de9c6358254cbd94f657e6263f0, type: 3}
--- !u!4 &4654368869484352834 stripped
Transform:
  m_CorrespondingSourceObject: {fileID: 5825403524320521151, guid: f1de6de9c6358254cbd94f657e6263f0, type: 3}
  m_PrefabInstance: {fileID: 1171039771316633341}
  m_PrefabAsset: {fileID: 0}
--- !u!1001 &1726822140493622830
PrefabInstance:
  m_ObjectHideFlags: 0
  serializedVersion: 2
  m_Modification:
    serializedVersion: 3
    m_TransformParent: {fileID: 5477941874955665864}
    m_Modifications:
    - target: {fileID: 5825403524320521151, guid: f1de6de9c6358254cbd94f657e6263f0, type: 3}
      propertyPath: m_LocalPosition.x
      value: -18.24
      objectReference: {fileID: 0}
    - target: {fileID: 5825403524320521151, guid: f1de6de9c6358254cbd94f657e6263f0, type: 3}
      propertyPath: m_LocalPosition.y
      value: 0.13000011
      objectReference: {fileID: 0}
    - target: {fileID: 5825403524320521151, guid: f1de6de9c6358254cbd94f657e6263f0, type: 3}
      propertyPath: m_LocalPosition.z
      value: 0
      objectReference: {fileID: 0}
    - target: {fileID: 5825403524320521151, guid: f1de6de9c6358254cbd94f657e6263f0, type: 3}
      propertyPath: m_LocalRotation.w
      value: 1
      objectReference: {fileID: 0}
    - target: {fileID: 5825403524320521151, guid: f1de6de9c6358254cbd94f657e6263f0, type: 3}
      propertyPath: m_LocalRotation.x
      value: -0
      objectReference: {fileID: 0}
    - target: {fileID: 5825403524320521151, guid: f1de6de9c6358254cbd94f657e6263f0, type: 3}
      propertyPath: m_LocalRotation.y
      value: -0
      objectReference: {fileID: 0}
    - target: {fileID: 5825403524320521151, guid: f1de6de9c6358254cbd94f657e6263f0, type: 3}
      propertyPath: m_LocalRotation.z
      value: -0
      objectReference: {fileID: 0}
    - target: {fileID: 5825403524320521151, guid: f1de6de9c6358254cbd94f657e6263f0, type: 3}
      propertyPath: m_LocalEulerAnglesHint.x
      value: 0
      objectReference: {fileID: 0}
    - target: {fileID: 5825403524320521151, guid: f1de6de9c6358254cbd94f657e6263f0, type: 3}
      propertyPath: m_LocalEulerAnglesHint.y
      value: 0
      objectReference: {fileID: 0}
    - target: {fileID: 5825403524320521151, guid: f1de6de9c6358254cbd94f657e6263f0, type: 3}
      propertyPath: m_LocalEulerAnglesHint.z
      value: 0
      objectReference: {fileID: 0}
    - target: {fileID: 6169847739980753537, guid: f1de6de9c6358254cbd94f657e6263f0, type: 3}
      propertyPath: m_Name
      value: Barrel (14)
      objectReference: {fileID: 0}
    m_RemovedComponents: []
    m_RemovedGameObjects: []
    m_AddedGameObjects: []
    m_AddedComponents: []
  m_SourcePrefab: {fileID: 100100000, guid: f1de6de9c6358254cbd94f657e6263f0, type: 3}
--- !u!4 &5125406654821041553 stripped
Transform:
  m_CorrespondingSourceObject: {fileID: 5825403524320521151, guid: f1de6de9c6358254cbd94f657e6263f0, type: 3}
  m_PrefabInstance: {fileID: 1726822140493622830}
  m_PrefabAsset: {fileID: 0}
--- !u!1001 &1831291105675366503
PrefabInstance:
  m_ObjectHideFlags: 0
  serializedVersion: 2
  m_Modification:
    serializedVersion: 3
    m_TransformParent: {fileID: 5477941874955665864}
    m_Modifications:
    - target: {fileID: 5825403524320521151, guid: f1de6de9c6358254cbd94f657e6263f0, type: 3}
      propertyPath: m_LocalPosition.x
      value: 1.3299999
      objectReference: {fileID: 0}
    - target: {fileID: 5825403524320521151, guid: f1de6de9c6358254cbd94f657e6263f0, type: 3}
      propertyPath: m_LocalPosition.y
      value: 0
      objectReference: {fileID: 0}
    - target: {fileID: 5825403524320521151, guid: f1de6de9c6358254cbd94f657e6263f0, type: 3}
      propertyPath: m_LocalPosition.z
      value: 0
      objectReference: {fileID: 0}
    - target: {fileID: 5825403524320521151, guid: f1de6de9c6358254cbd94f657e6263f0, type: 3}
      propertyPath: m_LocalRotation.w
      value: 1
      objectReference: {fileID: 0}
    - target: {fileID: 5825403524320521151, guid: f1de6de9c6358254cbd94f657e6263f0, type: 3}
      propertyPath: m_LocalRotation.x
      value: -0
      objectReference: {fileID: 0}
    - target: {fileID: 5825403524320521151, guid: f1de6de9c6358254cbd94f657e6263f0, type: 3}
      propertyPath: m_LocalRotation.y
      value: -0
      objectReference: {fileID: 0}
    - target: {fileID: 5825403524320521151, guid: f1de6de9c6358254cbd94f657e6263f0, type: 3}
      propertyPath: m_LocalRotation.z
      value: -0
      objectReference: {fileID: 0}
    - target: {fileID: 5825403524320521151, guid: f1de6de9c6358254cbd94f657e6263f0, type: 3}
      propertyPath: m_LocalEulerAnglesHint.x
      value: 0
      objectReference: {fileID: 0}
    - target: {fileID: 5825403524320521151, guid: f1de6de9c6358254cbd94f657e6263f0, type: 3}
      propertyPath: m_LocalEulerAnglesHint.y
      value: 0
      objectReference: {fileID: 0}
    - target: {fileID: 5825403524320521151, guid: f1de6de9c6358254cbd94f657e6263f0, type: 3}
      propertyPath: m_LocalEulerAnglesHint.z
      value: 0
      objectReference: {fileID: 0}
    - target: {fileID: 6169847739980753537, guid: f1de6de9c6358254cbd94f657e6263f0, type: 3}
      propertyPath: m_Name
      value: Barrel
      objectReference: {fileID: 0}
    m_RemovedComponents: []
    m_RemovedGameObjects: []
    m_AddedGameObjects: []
    m_AddedComponents: []
  m_SourcePrefab: {fileID: 100100000, guid: f1de6de9c6358254cbd94f657e6263f0, type: 3}
--- !u!4 &5313667201875721176 stripped
Transform:
  m_CorrespondingSourceObject: {fileID: 5825403524320521151, guid: f1de6de9c6358254cbd94f657e6263f0, type: 3}
  m_PrefabInstance: {fileID: 1831291105675366503}
  m_PrefabAsset: {fileID: 0}
--- !u!1001 &2492278011494880269
PrefabInstance:
  m_ObjectHideFlags: 0
  serializedVersion: 2
  m_Modification:
    serializedVersion: 3
    m_TransformParent: {fileID: 5477941874955665864}
    m_Modifications:
    - target: {fileID: 5825403524320521151, guid: f1de6de9c6358254cbd94f657e6263f0, type: 3}
      propertyPath: m_LocalPosition.x
      value: -11.190001
      objectReference: {fileID: 0}
    - target: {fileID: 5825403524320521151, guid: f1de6de9c6358254cbd94f657e6263f0, type: 3}
      propertyPath: m_LocalPosition.y
      value: 0.13000011
      objectReference: {fileID: 0}
    - target: {fileID: 5825403524320521151, guid: f1de6de9c6358254cbd94f657e6263f0, type: 3}
      propertyPath: m_LocalPosition.z
      value: 0
      objectReference: {fileID: 0}
    - target: {fileID: 5825403524320521151, guid: f1de6de9c6358254cbd94f657e6263f0, type: 3}
      propertyPath: m_LocalRotation.w
      value: 1
      objectReference: {fileID: 0}
    - target: {fileID: 5825403524320521151, guid: f1de6de9c6358254cbd94f657e6263f0, type: 3}
      propertyPath: m_LocalRotation.x
      value: -0
      objectReference: {fileID: 0}
    - target: {fileID: 5825403524320521151, guid: f1de6de9c6358254cbd94f657e6263f0, type: 3}
      propertyPath: m_LocalRotation.y
      value: -0
      objectReference: {fileID: 0}
    - target: {fileID: 5825403524320521151, guid: f1de6de9c6358254cbd94f657e6263f0, type: 3}
      propertyPath: m_LocalRotation.z
      value: -0
      objectReference: {fileID: 0}
    - target: {fileID: 5825403524320521151, guid: f1de6de9c6358254cbd94f657e6263f0, type: 3}
      propertyPath: m_LocalEulerAnglesHint.x
      value: 0
      objectReference: {fileID: 0}
    - target: {fileID: 5825403524320521151, guid: f1de6de9c6358254cbd94f657e6263f0, type: 3}
      propertyPath: m_LocalEulerAnglesHint.y
      value: 0
      objectReference: {fileID: 0}
    - target: {fileID: 5825403524320521151, guid: f1de6de9c6358254cbd94f657e6263f0, type: 3}
      propertyPath: m_LocalEulerAnglesHint.z
      value: 0
      objectReference: {fileID: 0}
    - target: {fileID: 6169847739980753537, guid: f1de6de9c6358254cbd94f657e6263f0, type: 3}
      propertyPath: m_Name
      value: Barrel (9)
      objectReference: {fileID: 0}
    m_RemovedComponents: []
    m_RemovedGameObjects: []
    m_AddedGameObjects: []
    m_AddedComponents: []
  m_SourcePrefab: {fileID: 100100000, guid: f1de6de9c6358254cbd94f657e6263f0, type: 3}
--- !u!4 &8233041920306560946 stripped
Transform:
  m_CorrespondingSourceObject: {fileID: 5825403524320521151, guid: f1de6de9c6358254cbd94f657e6263f0, type: 3}
  m_PrefabInstance: {fileID: 2492278011494880269}
  m_PrefabAsset: {fileID: 0}
--- !u!1001 &2586616827901686017
PrefabInstance:
  m_ObjectHideFlags: 0
  serializedVersion: 2
  m_Modification:
    serializedVersion: 3
    m_TransformParent: {fileID: 5477941874955665864}
    m_Modifications:
    - target: {fileID: 5825403524320521151, guid: f1de6de9c6358254cbd94f657e6263f0, type: 3}
      propertyPath: m_LocalPosition.x
      value: -20.28
      objectReference: {fileID: 0}
    - target: {fileID: 5825403524320521151, guid: f1de6de9c6358254cbd94f657e6263f0, type: 3}
      propertyPath: m_LocalPosition.y
      value: 0.13000011
      objectReference: {fileID: 0}
    - target: {fileID: 5825403524320521151, guid: f1de6de9c6358254cbd94f657e6263f0, type: 3}
      propertyPath: m_LocalPosition.z
      value: 0
      objectReference: {fileID: 0}
    - target: {fileID: 5825403524320521151, guid: f1de6de9c6358254cbd94f657e6263f0, type: 3}
      propertyPath: m_LocalRotation.w
      value: 1
      objectReference: {fileID: 0}
    - target: {fileID: 5825403524320521151, guid: f1de6de9c6358254cbd94f657e6263f0, type: 3}
      propertyPath: m_LocalRotation.x
      value: -0
      objectReference: {fileID: 0}
    - target: {fileID: 5825403524320521151, guid: f1de6de9c6358254cbd94f657e6263f0, type: 3}
      propertyPath: m_LocalRotation.y
      value: -0
      objectReference: {fileID: 0}
    - target: {fileID: 5825403524320521151, guid: f1de6de9c6358254cbd94f657e6263f0, type: 3}
      propertyPath: m_LocalRotation.z
      value: -0
      objectReference: {fileID: 0}
    - target: {fileID: 5825403524320521151, guid: f1de6de9c6358254cbd94f657e6263f0, type: 3}
      propertyPath: m_LocalEulerAnglesHint.x
      value: 0
      objectReference: {fileID: 0}
    - target: {fileID: 5825403524320521151, guid: f1de6de9c6358254cbd94f657e6263f0, type: 3}
      propertyPath: m_LocalEulerAnglesHint.y
      value: 0
      objectReference: {fileID: 0}
    - target: {fileID: 5825403524320521151, guid: f1de6de9c6358254cbd94f657e6263f0, type: 3}
      propertyPath: m_LocalEulerAnglesHint.z
      value: 0
      objectReference: {fileID: 0}
    - target: {fileID: 6169847739980753537, guid: f1de6de9c6358254cbd94f657e6263f0, type: 3}
      propertyPath: m_Name
      value: Barrel (15)
      objectReference: {fileID: 0}
    m_RemovedComponents: []
    m_RemovedGameObjects: []
    m_AddedGameObjects: []
    m_AddedComponents: []
  m_SourcePrefab: {fileID: 100100000, guid: f1de6de9c6358254cbd94f657e6263f0, type: 3}
--- !u!4 &8300837701654829758 stripped
Transform:
  m_CorrespondingSourceObject: {fileID: 5825403524320521151, guid: f1de6de9c6358254cbd94f657e6263f0, type: 3}
  m_PrefabInstance: {fileID: 2586616827901686017}
  m_PrefabAsset: {fileID: 0}
--- !u!1001 &3323346666270078738
PrefabInstance:
  m_ObjectHideFlags: 0
  serializedVersion: 2
  m_Modification:
    serializedVersion: 3
    m_TransformParent: {fileID: 5477941874955665864}
    m_Modifications:
    - target: {fileID: 5825403524320521151, guid: f1de6de9c6358254cbd94f657e6263f0, type: 3}
      propertyPath: m_LocalPosition.x
      value: -8.43
      objectReference: {fileID: 0}
    - target: {fileID: 5825403524320521151, guid: f1de6de9c6358254cbd94f657e6263f0, type: 3}
      propertyPath: m_LocalPosition.y
      value: 0.13000011
      objectReference: {fileID: 0}
    - target: {fileID: 5825403524320521151, guid: f1de6de9c6358254cbd94f657e6263f0, type: 3}
      propertyPath: m_LocalPosition.z
      value: 0
      objectReference: {fileID: 0}
    - target: {fileID: 5825403524320521151, guid: f1de6de9c6358254cbd94f657e6263f0, type: 3}
      propertyPath: m_LocalRotation.w
      value: 1
      objectReference: {fileID: 0}
    - target: {fileID: 5825403524320521151, guid: f1de6de9c6358254cbd94f657e6263f0, type: 3}
      propertyPath: m_LocalRotation.x
      value: -0
      objectReference: {fileID: 0}
    - target: {fileID: 5825403524320521151, guid: f1de6de9c6358254cbd94f657e6263f0, type: 3}
      propertyPath: m_LocalRotation.y
      value: -0
      objectReference: {fileID: 0}
    - target: {fileID: 5825403524320521151, guid: f1de6de9c6358254cbd94f657e6263f0, type: 3}
      propertyPath: m_LocalRotation.z
      value: -0
      objectReference: {fileID: 0}
    - target: {fileID: 5825403524320521151, guid: f1de6de9c6358254cbd94f657e6263f0, type: 3}
      propertyPath: m_LocalEulerAnglesHint.x
      value: 0
      objectReference: {fileID: 0}
    - target: {fileID: 5825403524320521151, guid: f1de6de9c6358254cbd94f657e6263f0, type: 3}
      propertyPath: m_LocalEulerAnglesHint.y
      value: 0
      objectReference: {fileID: 0}
    - target: {fileID: 5825403524320521151, guid: f1de6de9c6358254cbd94f657e6263f0, type: 3}
      propertyPath: m_LocalEulerAnglesHint.z
      value: 0
      objectReference: {fileID: 0}
    - target: {fileID: 6169847739980753537, guid: f1de6de9c6358254cbd94f657e6263f0, type: 3}
      propertyPath: m_Name
      value: Barrel (7)
      objectReference: {fileID: 0}
    m_RemovedComponents: []
    m_RemovedGameObjects: []
    m_AddedGameObjects: []
    m_AddedComponents: []
  m_SourcePrefab: {fileID: 100100000, guid: f1de6de9c6358254cbd94f657e6263f0, type: 3}
--- !u!4 &9135863604941118637 stripped
Transform:
  m_CorrespondingSourceObject: {fileID: 5825403524320521151, guid: f1de6de9c6358254cbd94f657e6263f0, type: 3}
  m_PrefabInstance: {fileID: 3323346666270078738}
  m_PrefabAsset: {fileID: 0}
--- !u!1001 &3949525894637914132
PrefabInstance:
  m_ObjectHideFlags: 0
  serializedVersion: 2
  m_Modification:
    serializedVersion: 3
    m_TransformParent: {fileID: 5477941874955665864}
    m_Modifications:
    - target: {fileID: 5825403524320521151, guid: f1de6de9c6358254cbd94f657e6263f0, type: 3}
      propertyPath: m_LocalPosition.x
      value: -1.5
      objectReference: {fileID: 0}
    - target: {fileID: 5825403524320521151, guid: f1de6de9c6358254cbd94f657e6263f0, type: 3}
      propertyPath: m_LocalPosition.y
      value: 0
      objectReference: {fileID: 0}
    - target: {fileID: 5825403524320521151, guid: f1de6de9c6358254cbd94f657e6263f0, type: 3}
      propertyPath: m_LocalPosition.z
      value: 0
      objectReference: {fileID: 0}
    - target: {fileID: 5825403524320521151, guid: f1de6de9c6358254cbd94f657e6263f0, type: 3}
      propertyPath: m_LocalRotation.w
      value: 1
      objectReference: {fileID: 0}
    - target: {fileID: 5825403524320521151, guid: f1de6de9c6358254cbd94f657e6263f0, type: 3}
      propertyPath: m_LocalRotation.x
      value: -0
      objectReference: {fileID: 0}
    - target: {fileID: 5825403524320521151, guid: f1de6de9c6358254cbd94f657e6263f0, type: 3}
      propertyPath: m_LocalRotation.y
      value: -0
      objectReference: {fileID: 0}
    - target: {fileID: 5825403524320521151, guid: f1de6de9c6358254cbd94f657e6263f0, type: 3}
      propertyPath: m_LocalRotation.z
      value: -0
      objectReference: {fileID: 0}
    - target: {fileID: 5825403524320521151, guid: f1de6de9c6358254cbd94f657e6263f0, type: 3}
      propertyPath: m_LocalEulerAnglesHint.x
      value: 0
      objectReference: {fileID: 0}
    - target: {fileID: 5825403524320521151, guid: f1de6de9c6358254cbd94f657e6263f0, type: 3}
      propertyPath: m_LocalEulerAnglesHint.y
      value: 0
      objectReference: {fileID: 0}
    - target: {fileID: 5825403524320521151, guid: f1de6de9c6358254cbd94f657e6263f0, type: 3}
      propertyPath: m_LocalEulerAnglesHint.z
      value: 0
      objectReference: {fileID: 0}
    - target: {fileID: 6169847739980753537, guid: f1de6de9c6358254cbd94f657e6263f0, type: 3}
      propertyPath: m_Name
      value: Barrel (4)
      objectReference: {fileID: 0}
    m_RemovedComponents: []
    m_RemovedGameObjects: []
    m_AddedGameObjects: []
    m_AddedComponents: []
  m_SourcePrefab: {fileID: 100100000, guid: f1de6de9c6358254cbd94f657e6263f0, type: 3}
--- !u!4 &7356758927057839019 stripped
Transform:
  m_CorrespondingSourceObject: {fileID: 5825403524320521151, guid: f1de6de9c6358254cbd94f657e6263f0, type: 3}
  m_PrefabInstance: {fileID: 3949525894637914132}
  m_PrefabAsset: {fileID: 0}
--- !u!1001 &3955985603591830678
PrefabInstance:
  m_ObjectHideFlags: 0
  serializedVersion: 2
  m_Modification:
    serializedVersion: 3
    m_TransformParent: {fileID: 5477941874955665864}
    m_Modifications:
    - target: {fileID: 5825403524320521151, guid: f1de6de9c6358254cbd94f657e6263f0, type: 3}
      propertyPath: m_LocalPosition.x
      value: -4.17
      objectReference: {fileID: 0}
    - target: {fileID: 5825403524320521151, guid: f1de6de9c6358254cbd94f657e6263f0, type: 3}
      propertyPath: m_LocalPosition.y
      value: 0.03999996
      objectReference: {fileID: 0}
    - target: {fileID: 5825403524320521151, guid: f1de6de9c6358254cbd94f657e6263f0, type: 3}
      propertyPath: m_LocalPosition.z
      value: 0
      objectReference: {fileID: 0}
    - target: {fileID: 5825403524320521151, guid: f1de6de9c6358254cbd94f657e6263f0, type: 3}
      propertyPath: m_LocalRotation.w
      value: 1
      objectReference: {fileID: 0}
    - target: {fileID: 5825403524320521151, guid: f1de6de9c6358254cbd94f657e6263f0, type: 3}
      propertyPath: m_LocalRotation.x
      value: -0
      objectReference: {fileID: 0}
    - target: {fileID: 5825403524320521151, guid: f1de6de9c6358254cbd94f657e6263f0, type: 3}
      propertyPath: m_LocalRotation.y
      value: -0
      objectReference: {fileID: 0}
    - target: {fileID: 5825403524320521151, guid: f1de6de9c6358254cbd94f657e6263f0, type: 3}
      propertyPath: m_LocalRotation.z
      value: -0
      objectReference: {fileID: 0}
    - target: {fileID: 5825403524320521151, guid: f1de6de9c6358254cbd94f657e6263f0, type: 3}
      propertyPath: m_LocalEulerAnglesHint.x
      value: 0
      objectReference: {fileID: 0}
    - target: {fileID: 5825403524320521151, guid: f1de6de9c6358254cbd94f657e6263f0, type: 3}
      propertyPath: m_LocalEulerAnglesHint.y
      value: 0
      objectReference: {fileID: 0}
    - target: {fileID: 5825403524320521151, guid: f1de6de9c6358254cbd94f657e6263f0, type: 3}
      propertyPath: m_LocalEulerAnglesHint.z
      value: 0
      objectReference: {fileID: 0}
    - target: {fileID: 6169847739980753537, guid: f1de6de9c6358254cbd94f657e6263f0, type: 3}
      propertyPath: m_Name
      value: Barrel (2)
      objectReference: {fileID: 0}
    m_RemovedComponents: []
    m_RemovedGameObjects: []
    m_AddedGameObjects: []
    m_AddedComponents: []
  m_SourcePrefab: {fileID: 100100000, guid: f1de6de9c6358254cbd94f657e6263f0, type: 3}
--- !u!4 &7363814570773223209 stripped
Transform:
  m_CorrespondingSourceObject: {fileID: 5825403524320521151, guid: f1de6de9c6358254cbd94f657e6263f0, type: 3}
  m_PrefabInstance: {fileID: 3955985603591830678}
  m_PrefabAsset: {fileID: 0}
--- !u!1001 &4420062137686447933
PrefabInstance:
  m_ObjectHideFlags: 0
  serializedVersion: 2
  m_Modification:
    serializedVersion: 3
    m_TransformParent: {fileID: 5477941874955665864}
    m_Modifications:
    - target: {fileID: 5825403524320521151, guid: f1de6de9c6358254cbd94f657e6263f0, type: 3}
      propertyPath: m_LocalPosition.x
      value: -7.1000004
      objectReference: {fileID: 0}
    - target: {fileID: 5825403524320521151, guid: f1de6de9c6358254cbd94f657e6263f0, type: 3}
      propertyPath: m_LocalPosition.y
      value: 0.13000011
      objectReference: {fileID: 0}
    - target: {fileID: 5825403524320521151, guid: f1de6de9c6358254cbd94f657e6263f0, type: 3}
      propertyPath: m_LocalPosition.z
      value: 0
      objectReference: {fileID: 0}
    - target: {fileID: 5825403524320521151, guid: f1de6de9c6358254cbd94f657e6263f0, type: 3}
      propertyPath: m_LocalRotation.w
      value: 1
      objectReference: {fileID: 0}
    - target: {fileID: 5825403524320521151, guid: f1de6de9c6358254cbd94f657e6263f0, type: 3}
      propertyPath: m_LocalRotation.x
      value: -0
      objectReference: {fileID: 0}
    - target: {fileID: 5825403524320521151, guid: f1de6de9c6358254cbd94f657e6263f0, type: 3}
      propertyPath: m_LocalRotation.y
      value: -0
      objectReference: {fileID: 0}
    - target: {fileID: 5825403524320521151, guid: f1de6de9c6358254cbd94f657e6263f0, type: 3}
      propertyPath: m_LocalRotation.z
      value: -0
      objectReference: {fileID: 0}
    - target: {fileID: 5825403524320521151, guid: f1de6de9c6358254cbd94f657e6263f0, type: 3}
      propertyPath: m_LocalEulerAnglesHint.x
      value: 0
      objectReference: {fileID: 0}
    - target: {fileID: 5825403524320521151, guid: f1de6de9c6358254cbd94f657e6263f0, type: 3}
      propertyPath: m_LocalEulerAnglesHint.y
      value: 0
      objectReference: {fileID: 0}
    - target: {fileID: 5825403524320521151, guid: f1de6de9c6358254cbd94f657e6263f0, type: 3}
      propertyPath: m_LocalEulerAnglesHint.z
      value: 0
      objectReference: {fileID: 0}
    - target: {fileID: 6169847739980753537, guid: f1de6de9c6358254cbd94f657e6263f0, type: 3}
      propertyPath: m_Name
      value: Barrel (6)
      objectReference: {fileID: 0}
    m_RemovedComponents: []
    m_RemovedGameObjects: []
    m_AddedGameObjects: []
    m_AddedComponents: []
  m_SourcePrefab: {fileID: 100100000, guid: f1de6de9c6358254cbd94f657e6263f0, type: 3}
--- !u!4 &7890529458599935106 stripped
Transform:
  m_CorrespondingSourceObject: {fileID: 5825403524320521151, guid: f1de6de9c6358254cbd94f657e6263f0, type: 3}
  m_PrefabInstance: {fileID: 4420062137686447933}
  m_PrefabAsset: {fileID: 0}
--- !u!1001 &6189172759318515548
PrefabInstance:
  m_ObjectHideFlags: 0
  serializedVersion: 2
  m_Modification:
    serializedVersion: 3
    m_TransformParent: {fileID: 5477941874955665864}
    m_Modifications:
    - target: {fileID: 5825403524320521151, guid: f1de6de9c6358254cbd94f657e6263f0, type: 3}
      propertyPath: m_LocalPosition.x
      value: -19.22
      objectReference: {fileID: 0}
    - target: {fileID: 5825403524320521151, guid: f1de6de9c6358254cbd94f657e6263f0, type: 3}
      propertyPath: m_LocalPosition.y
      value: 0.13000011
      objectReference: {fileID: 0}
    - target: {fileID: 5825403524320521151, guid: f1de6de9c6358254cbd94f657e6263f0, type: 3}
      propertyPath: m_LocalPosition.z
      value: 0
      objectReference: {fileID: 0}
    - target: {fileID: 5825403524320521151, guid: f1de6de9c6358254cbd94f657e6263f0, type: 3}
      propertyPath: m_LocalRotation.w
      value: 1
      objectReference: {fileID: 0}
    - target: {fileID: 5825403524320521151, guid: f1de6de9c6358254cbd94f657e6263f0, type: 3}
      propertyPath: m_LocalRotation.x
      value: -0
      objectReference: {fileID: 0}
    - target: {fileID: 5825403524320521151, guid: f1de6de9c6358254cbd94f657e6263f0, type: 3}
      propertyPath: m_LocalRotation.y
      value: -0
      objectReference: {fileID: 0}
    - target: {fileID: 5825403524320521151, guid: f1de6de9c6358254cbd94f657e6263f0, type: 3}
      propertyPath: m_LocalRotation.z
      value: -0
      objectReference: {fileID: 0}
    - target: {fileID: 5825403524320521151, guid: f1de6de9c6358254cbd94f657e6263f0, type: 3}
      propertyPath: m_LocalEulerAnglesHint.x
      value: 0
      objectReference: {fileID: 0}
    - target: {fileID: 5825403524320521151, guid: f1de6de9c6358254cbd94f657e6263f0, type: 3}
      propertyPath: m_LocalEulerAnglesHint.y
      value: 0
      objectReference: {fileID: 0}
    - target: {fileID: 5825403524320521151, guid: f1de6de9c6358254cbd94f657e6263f0, type: 3}
      propertyPath: m_LocalEulerAnglesHint.z
      value: 0
      objectReference: {fileID: 0}
    - target: {fileID: 6169847739980753537, guid: f1de6de9c6358254cbd94f657e6263f0, type: 3}
      propertyPath: m_Name
      value: Barrel (16)
      objectReference: {fileID: 0}
    m_RemovedComponents: []
    m_RemovedGameObjects: []
    m_AddedGameObjects: []
    m_AddedComponents: []
  m_SourcePrefab: {fileID: 100100000, guid: f1de6de9c6358254cbd94f657e6263f0, type: 3}
--- !u!4 &374826198814598371 stripped
Transform:
  m_CorrespondingSourceObject: {fileID: 5825403524320521151, guid: f1de6de9c6358254cbd94f657e6263f0, type: 3}
  m_PrefabInstance: {fileID: 6189172759318515548}
  m_PrefabAsset: {fileID: 0}
--- !u!1001 &6508902754306764328
PrefabInstance:
  m_ObjectHideFlags: 0
  serializedVersion: 2
  m_Modification:
    serializedVersion: 3
    m_TransformParent: {fileID: 5477941874955665864}
    m_Modifications:
    - target: {fileID: 5825403524320521151, guid: f1de6de9c6358254cbd94f657e6263f0, type: 3}
      propertyPath: m_LocalPosition.x
      value: -5.67
      objectReference: {fileID: 0}
    - target: {fileID: 5825403524320521151, guid: f1de6de9c6358254cbd94f657e6263f0, type: 3}
      propertyPath: m_LocalPosition.y
      value: 0.03999996
      objectReference: {fileID: 0}
    - target: {fileID: 5825403524320521151, guid: f1de6de9c6358254cbd94f657e6263f0, type: 3}
      propertyPath: m_LocalPosition.z
      value: 0
      objectReference: {fileID: 0}
    - target: {fileID: 5825403524320521151, guid: f1de6de9c6358254cbd94f657e6263f0, type: 3}
      propertyPath: m_LocalRotation.w
      value: 1
      objectReference: {fileID: 0}
    - target: {fileID: 5825403524320521151, guid: f1de6de9c6358254cbd94f657e6263f0, type: 3}
      propertyPath: m_LocalRotation.x
      value: -0
      objectReference: {fileID: 0}
    - target: {fileID: 5825403524320521151, guid: f1de6de9c6358254cbd94f657e6263f0, type: 3}
      propertyPath: m_LocalRotation.y
      value: -0
      objectReference: {fileID: 0}
    - target: {fileID: 5825403524320521151, guid: f1de6de9c6358254cbd94f657e6263f0, type: 3}
      propertyPath: m_LocalRotation.z
      value: -0
      objectReference: {fileID: 0}
    - target: {fileID: 5825403524320521151, guid: f1de6de9c6358254cbd94f657e6263f0, type: 3}
      propertyPath: m_LocalEulerAnglesHint.x
      value: 0
      objectReference: {fileID: 0}
    - target: {fileID: 5825403524320521151, guid: f1de6de9c6358254cbd94f657e6263f0, type: 3}
      propertyPath: m_LocalEulerAnglesHint.y
      value: 0
      objectReference: {fileID: 0}
    - target: {fileID: 5825403524320521151, guid: f1de6de9c6358254cbd94f657e6263f0, type: 3}
      propertyPath: m_LocalEulerAnglesHint.z
      value: 0
      objectReference: {fileID: 0}
    - target: {fileID: 6169847739980753537, guid: f1de6de9c6358254cbd94f657e6263f0, type: 3}
      propertyPath: m_Name
      value: Barrel (5)
      objectReference: {fileID: 0}
    m_RemovedComponents: []
    m_RemovedGameObjects: []
    m_AddedGameObjects: []
    m_AddedComponents: []
  m_SourcePrefab: {fileID: 100100000, guid: f1de6de9c6358254cbd94f657e6263f0, type: 3}
--- !u!4 &757652803243656599 stripped
Transform:
  m_CorrespondingSourceObject: {fileID: 5825403524320521151, guid: f1de6de9c6358254cbd94f657e6263f0, type: 3}
  m_PrefabInstance: {fileID: 6508902754306764328}
  m_PrefabAsset: {fileID: 0}
--- !u!1001 &7006872712049261542
PrefabInstance:
  m_ObjectHideFlags: 0
  serializedVersion: 2
  m_Modification:
    serializedVersion: 3
    m_TransformParent: {fileID: 5477941874955665864}
    m_Modifications:
    - target: {fileID: 5825403524320521151, guid: f1de6de9c6358254cbd94f657e6263f0, type: 3}
      propertyPath: m_LocalPosition.x
      value: -16.74
      objectReference: {fileID: 0}
    - target: {fileID: 5825403524320521151, guid: f1de6de9c6358254cbd94f657e6263f0, type: 3}
      propertyPath: m_LocalPosition.y
      value: 0.13000011
      objectReference: {fileID: 0}
    - target: {fileID: 5825403524320521151, guid: f1de6de9c6358254cbd94f657e6263f0, type: 3}
      propertyPath: m_LocalPosition.z
      value: 0
      objectReference: {fileID: 0}
    - target: {fileID: 5825403524320521151, guid: f1de6de9c6358254cbd94f657e6263f0, type: 3}
      propertyPath: m_LocalRotation.w
      value: 1
      objectReference: {fileID: 0}
    - target: {fileID: 5825403524320521151, guid: f1de6de9c6358254cbd94f657e6263f0, type: 3}
      propertyPath: m_LocalRotation.x
      value: -0
      objectReference: {fileID: 0}
    - target: {fileID: 5825403524320521151, guid: f1de6de9c6358254cbd94f657e6263f0, type: 3}
      propertyPath: m_LocalRotation.y
      value: -0
      objectReference: {fileID: 0}
    - target: {fileID: 5825403524320521151, guid: f1de6de9c6358254cbd94f657e6263f0, type: 3}
      propertyPath: m_LocalRotation.z
      value: -0
      objectReference: {fileID: 0}
    - target: {fileID: 5825403524320521151, guid: f1de6de9c6358254cbd94f657e6263f0, type: 3}
      propertyPath: m_LocalEulerAnglesHint.x
      value: 0
      objectReference: {fileID: 0}
    - target: {fileID: 5825403524320521151, guid: f1de6de9c6358254cbd94f657e6263f0, type: 3}
      propertyPath: m_LocalEulerAnglesHint.y
      value: 0
      objectReference: {fileID: 0}
    - target: {fileID: 5825403524320521151, guid: f1de6de9c6358254cbd94f657e6263f0, type: 3}
      propertyPath: m_LocalEulerAnglesHint.z
      value: 0
      objectReference: {fileID: 0}
    - target: {fileID: 6169847739980753537, guid: f1de6de9c6358254cbd94f657e6263f0, type: 3}
      propertyPath: m_Name
      value: Barrel (13)
      objectReference: {fileID: 0}
    m_RemovedComponents: []
    m_RemovedGameObjects: []
    m_AddedGameObjects: []
    m_AddedComponents: []
  m_SourcePrefab: {fileID: 100100000, guid: f1de6de9c6358254cbd94f657e6263f0, type: 3}
--- !u!4 &3596850253136662617 stripped
Transform:
  m_CorrespondingSourceObject: {fileID: 5825403524320521151, guid: f1de6de9c6358254cbd94f657e6263f0, type: 3}
  m_PrefabInstance: {fileID: 7006872712049261542}
  m_PrefabAsset: {fileID: 0}
--- !u!1001 &8320989071935029880
PrefabInstance:
  m_ObjectHideFlags: 0
  serializedVersion: 2
  m_Modification:
    serializedVersion: 3
    m_TransformParent: {fileID: 5477941874955665864}
    m_Modifications:
    - target: {fileID: 5825403524320521151, guid: f1de6de9c6358254cbd94f657e6263f0, type: 3}
      propertyPath: m_LocalPosition.x
      value: -2.8400002
      objectReference: {fileID: 0}
    - target: {fileID: 5825403524320521151, guid: f1de6de9c6358254cbd94f657e6263f0, type: 3}
      propertyPath: m_LocalPosition.y
      value: 0.03999996
      objectReference: {fileID: 0}
    - target: {fileID: 5825403524320521151, guid: f1de6de9c6358254cbd94f657e6263f0, type: 3}
      propertyPath: m_LocalPosition.z
      value: 0
      objectReference: {fileID: 0}
    - target: {fileID: 5825403524320521151, guid: f1de6de9c6358254cbd94f657e6263f0, type: 3}
      propertyPath: m_LocalRotation.w
      value: 1
      objectReference: {fileID: 0}
    - target: {fileID: 5825403524320521151, guid: f1de6de9c6358254cbd94f657e6263f0, type: 3}
      propertyPath: m_LocalRotation.x
      value: -0
      objectReference: {fileID: 0}
    - target: {fileID: 5825403524320521151, guid: f1de6de9c6358254cbd94f657e6263f0, type: 3}
      propertyPath: m_LocalRotation.y
      value: -0
      objectReference: {fileID: 0}
    - target: {fileID: 5825403524320521151, guid: f1de6de9c6358254cbd94f657e6263f0, type: 3}
      propertyPath: m_LocalRotation.z
      value: -0
      objectReference: {fileID: 0}
    - target: {fileID: 5825403524320521151, guid: f1de6de9c6358254cbd94f657e6263f0, type: 3}
      propertyPath: m_LocalEulerAnglesHint.x
      value: 0
      objectReference: {fileID: 0}
    - target: {fileID: 5825403524320521151, guid: f1de6de9c6358254cbd94f657e6263f0, type: 3}
      propertyPath: m_LocalEulerAnglesHint.y
      value: 0
      objectReference: {fileID: 0}
    - target: {fileID: 5825403524320521151, guid: f1de6de9c6358254cbd94f657e6263f0, type: 3}
      propertyPath: m_LocalEulerAnglesHint.z
      value: 0
      objectReference: {fileID: 0}
    - target: {fileID: 6169847739980753537, guid: f1de6de9c6358254cbd94f657e6263f0, type: 3}
      propertyPath: m_Name
      value: Barrel (1)
      objectReference: {fileID: 0}
    m_RemovedComponents: []
    m_RemovedGameObjects: []
    m_AddedGameObjects: []
    m_AddedComponents: []
  m_SourcePrefab: {fileID: 100100000, guid: f1de6de9c6358254cbd94f657e6263f0, type: 3}
--- !u!4 &2570969198968089031 stripped
Transform:
  m_CorrespondingSourceObject: {fileID: 5825403524320521151, guid: f1de6de9c6358254cbd94f657e6263f0, type: 3}
  m_PrefabInstance: {fileID: 8320989071935029880}
  m_PrefabAsset: {fileID: 0}
--- !u!1001 &9151869922632956287
PrefabInstance:
  m_ObjectHideFlags: 0
  serializedVersion: 2
  m_Modification:
    serializedVersion: 3
    m_TransformParent: {fileID: 5477941874955665864}
    m_Modifications:
    - target: {fileID: 5825403524320521151, guid: f1de6de9c6358254cbd94f657e6263f0, type: 3}
      propertyPath: m_LocalPosition.x
      value: 0
      objectReference: {fileID: 0}
    - target: {fileID: 5825403524320521151, guid: f1de6de9c6358254cbd94f657e6263f0, type: 3}
      propertyPath: m_LocalPosition.y
      value: 0
      objectReference: {fileID: 0}
    - target: {fileID: 5825403524320521151, guid: f1de6de9c6358254cbd94f657e6263f0, type: 3}
      propertyPath: m_LocalPosition.z
      value: 0
      objectReference: {fileID: 0}
    - target: {fileID: 5825403524320521151, guid: f1de6de9c6358254cbd94f657e6263f0, type: 3}
      propertyPath: m_LocalRotation.w
      value: 1
      objectReference: {fileID: 0}
    - target: {fileID: 5825403524320521151, guid: f1de6de9c6358254cbd94f657e6263f0, type: 3}
      propertyPath: m_LocalRotation.x
      value: -0
      objectReference: {fileID: 0}
    - target: {fileID: 5825403524320521151, guid: f1de6de9c6358254cbd94f657e6263f0, type: 3}
      propertyPath: m_LocalRotation.y
      value: -0
      objectReference: {fileID: 0}
    - target: {fileID: 5825403524320521151, guid: f1de6de9c6358254cbd94f657e6263f0, type: 3}
      propertyPath: m_LocalRotation.z
      value: -0
      objectReference: {fileID: 0}
    - target: {fileID: 5825403524320521151, guid: f1de6de9c6358254cbd94f657e6263f0, type: 3}
      propertyPath: m_LocalEulerAnglesHint.x
      value: 0
      objectReference: {fileID: 0}
    - target: {fileID: 5825403524320521151, guid: f1de6de9c6358254cbd94f657e6263f0, type: 3}
      propertyPath: m_LocalEulerAnglesHint.y
      value: 0
      objectReference: {fileID: 0}
    - target: {fileID: 5825403524320521151, guid: f1de6de9c6358254cbd94f657e6263f0, type: 3}
      propertyPath: m_LocalEulerAnglesHint.z
      value: 0
      objectReference: {fileID: 0}
    - target: {fileID: 6169847739980753537, guid: f1de6de9c6358254cbd94f657e6263f0, type: 3}
      propertyPath: m_Name
      value: Barrel (3)
      objectReference: {fileID: 0}
    m_RemovedComponents: []
    m_RemovedGameObjects: []
    m_AddedGameObjects: []
    m_AddedComponents: []
  m_SourcePrefab: {fileID: 100100000, guid: f1de6de9c6358254cbd94f657e6263f0, type: 3}
--- !u!4 &3446947584096113344 stripped
Transform:
  m_CorrespondingSourceObject: {fileID: 5825403524320521151, guid: f1de6de9c6358254cbd94f657e6263f0, type: 3}
  m_PrefabInstance: {fileID: 9151869922632956287}
  m_PrefabAsset: {fileID: 0}
